AoeStats
← fahre

Coastal Forest

510614602Analyzed
3v3 RM · 1d ago on Oct 1, 2026· 46m 43s· 6 players
Game mode
Random Map
Map size
Normal (6 player)
Population
200
Speed
Normal
Resources
Standard
Victory
Conquest
Starting age
Dark Age
Ending age
Imperial Age
RankedLock teamsTeams togetherTeam positionsShared explorationLock speedFull tech treeHidden civsTurbo modeCheats
Victory
Defeat
🇧🇷 Magyars · Brazil
1059
+8
🇧🇷 Varangians · Brazil
973
+11
🇧🇷 Danes · Brazil
967
+10
🇫🇮 Magyars · Finland
887
-11
🇩🇪 Wu · Germany
844
-9
🇹🇷 Burmese · Türkiye
833
-9
S3r!ousLE3
2:43 Loom
11:13 Feudal Age
11:54 Double-Bit Axe
11:58 Town Watch
20:29 Castle Age
19:01 Fishing Lines
20:55 Fletching
21:05 Padded Archer Armor
22:34 Gillnets
22:54 Bodkin Arrow
26:19 Guard Tower
26:34 Scale Mail Armor
28:11 Ballistics
31:13 Horse Collar
31:55 Bow Saw
42:02 Imperial Age
40:40 Squires
40:26 Arson
41:00 Chain Mail Armor
40:55 Forging
40:37 Pikeman
43:15 Conscription
44:08 Plate Mail Armor
44:13 Iron Casting
45:16 Keep
46:52 Chemistry
fahre
1:08 Loom
10:44 Feudal Age
11:36 Horse Collar
20:33 Castle Age
19:34 Forging
18:57 Man-at-Arms
21:54 Heavy Plow
23:14 Gold Mining
23:16 Stone Mining
27:03 Fletching
27:14 Padded Archer Armor
30:57 Sanctity
30:49 Fervor
30:39 Herbal Medicine
32:43 Bodkin Arrow
33:25 Iron Casting
32:14 Long Swordsman
32:40 Gambesons
32:55 Squires
32:16 Pikeman
38:47 Imperial Age
36:56 Wheelbarrow
36:06 Town Watch
40:43 Crop Rotation
40:59 Block Printing
41:21 Theocracy
41:38 Ballistics
41:25 Siege Engineers
41:46 Scale Barding Armor
42:41 Blast Furnace
43:53 Parthian Tactics
43:59 Guilds
44:16 Masonry
45:25 Caravan
Broly
9:55 Feudal Age
11:16 Wheelbarrow
11:09 Double-Bit Axe
12:38 Horse Collar
16:21 Loom
24:51 Castle Age
24:03 Bloodlines
24:00 Scale Mail Armor
24:05 Scale Barding Armor
23:51 Fletching
23:55 Stone Mining
28:42 Husbandry
28:39 Gold Mining
29:13 Corvinian Army
29:21 Caravan
29:47 Bow Saw
30:45 Heavy Plow
32:02 Chain Barding Armor
32:41 Elite Skirmisher
36:26 Bodkin Arrow
36:16 Treadmill Crane
39:52 Thumb Ring
47:27 Imperial Age
NannoD
10:52 Feudal Age
9:12 Loom
14:42 Castle Age
13:36 Double-Bit Axe
13:34 Horse Collar
15:03 Wheelbarrow
21:41 Scale Mail Armor
23:08 Arson
23:24 Squires
23:10 Gambesons
25:52 Hand Cart
27:13 Chain Mail Armor
30:08 Gold Mining
30:08 Stone Mining
31:33 Gold Shaft Mining
32:11 Bow Saw
33:24 Stone Shaft Mining
33:09 Heavy Plow
37:33 Imperial Age
36:41 Hamask
37:48 Elite Jomsviking
38:50 Conscription
37:54 Elite Varangian Guard
38:09 Pikeman
38:40 Heavy Scorpion
42:20 Halberdier
46:25 Forging
46:45 Plate Mail Armor
46:42 Northmen's Fury
Jigsaw
10:37 Feudal Age
14:34 Castle Age
13:17 Double-Bit Axe
13:40 Horse Collar
14:12 Loom
20:39 Bow Saw
21:32 Heavy Plow
22:41 Gold Mining
25:03 Wheelbarrow
25:07 Stone Mining
26:11 Padded Archer Armor
26:02 Fletching
27:06 Town Watch
28:55 Hand Cart
29:06 Hand Cart
29:40 Town Patrol
30:27 Ballistics
30:04 Murder Holes
31:12 Leather Archer Armor
31:21 Corvinian Army
33:14 Bodkin Arrow
34:03 Husbandry
34:14 Bloodlines
34:20 Scale Barding Armor
42:25 Imperial Age
41:27 Chain Barding Armor
42:23 Masonry
41:53 Treadmill Crane
43:33 Conscription
42:36 Elite Magyar Huszar
43:59 Ring Archer Armor
43:30 Bracer
44:06 Plate Barding Armor
46:20 Parthian Tactics
45:16 Heavy Cavalry Archer
vitor_age2
6:46 Loom
10:09 Feudal Age
20:12 Castle Age
19:22 Double-Bit Axe
19:22 Horse Collar
23:29 Bloodlines
29:06 Wheelbarrow
28:25 Town Watch
29:54 Bow Saw
29:47 Heavy Plow
30:39 Husbandry
31:15 Scale Barding Armor
31:46 Stone Mining
31:46 Gold Mining
32:23 Light Cavalry
33:53 Hand Cart
34:54 Elite Skirmisher
48:08 Imperial Age
45:04 Vendel Legacy
47:02 Chain Barding Armor
46:52 Forging
Connection lost

Rejoining the realm…

Still unreachable

The connection could not be restored.

Session expired

The server has moved on; the page needs a fresh start.